 Dungeon Crawl Stone Soup version 0.29-a0-360-g8ed1089bbe (webtiles) character file.

Game seed: 10498584216729963126

205 NinjaNoafa the Bolt Thrower (level 6, -1/37 HPs)
             Began as a Kobold Hunter on Apr 28, 2022.
             Slain by a gnoll
             ... wielding a +0 club
              (3 damage)
             ... on level 4 of the Dungeon.
             The game lasted 00:06:32 (3311 turns).

NinjaNoafa the Bolt Thrower (Kobold Hunter)         Turns: 3311, Time: 00:06:32

Health: -1/37      AC:  5    Str:  8    XL:     6   Next: 9%
Magic:  6/6        EV: 16    Int: 12    God:
Gold:   270        SH:  0    Dex: 21    Spells: 5/5 levels left

rFire   . . .      SeeInvis .   d - +0 short sword
rCold   . . .      Faith    .   (no shield)
rNeg    . . .      Spirit   .   j - +1 robe
rPois   +          Reflect  .   e - +2 hat
rElec   .          Harm     .   (no cloak)
rCorr   .          Rampage  .   (no gloves)
Will    .....                   (no boots)
Stlth   ++++......              h - amulet of Hezerchi {Acrobat rPois Int+2 Slay+5}
HPRegen 0.12/turn               (no ring)
MPRegen 0.10/turn               (no ring)

@: no status effects
A: small, no large weapons, nightstalker 3
a: no special abilities


You were on level 4 of the Dungeon.
You visited 1 branch of the dungeon, and saw 4 of its levels.

You collected 270 gold pieces.

Inventory:

Hand Weapons
 a - a +1 hand crossbow
 d - a +0 short sword (weapon)
 i - a +1 hunting sling of flaming
Armour
 e - a +2 hat (worn)
 j - a +1 robe (worn)
Jewellery
 h - the amulet of Hezerchi (around neck) {Acrobat rPois Int+2 Slay+5}
   (You acquired it on level 3 of the Dungeon)

   [amulet of the acrobat]

   It increases your evasion while moving and waiting.
   Int:       It affects your intelligence (+2).
   Slay:      It affects your accuracy & damage with ranged weapons and melee
   (+5).
   rPois:     It protects you from poison.
Wands
 n - a wand of flame (7)
 q - a wand of charming (8)
Scrolls
 c - 2 scrolls of immolation
 g - 2 scrolls of fog
 m - a scroll of silence
 r - a scroll of magic mapping
Potions
 f - a potion of cancellation
 o - 3 potions of attraction


   Skills:
 + Level 3.3 Fighting
 + Level 2.1 Short Blades
 - Level 1.9 Slings
 + Level 6.1 Crossbows
 + Level 3.6 Dodging
 + Level 3.5 Stealth


You had 5 spell levels left.
You didn't know any spells.
Your spell library contained the following spells:

 Spells                   Type           Power      Damage    Failure   Level
 Beastly Appendage        Tmut           0%         N/A       32%         1
 Sting                    Tmut/Pois      0%         1d3       32%         1
 Poisonous Vapours        Pois/Air       0%         N/A       45%         2
 Wereblood                Tmut           0%         N/A       45%         2
 Portal Projectile        Hex/Tloc       0%         N/A       69%         3
 Spider Form              Tmut/Pois      0%         N/A       69%         3
 Olgreb's Toxic Radiance  Pois           0%         N/A       97%         4
 Blade Hands              Tmut           0%         N/A       100%        5
 Excruciating Wounds      Necr           0%         N/A       100%        5


Dungeon Overview and Level Annotations

Branches:
Dungeon (4/15)
 Temple: D:4-7

Altars:
Trog
Vehumet

Shops:
D:2 *


Innate Abilities, Weirdness & Mutations

You are small and have problems with some larger weapons.
You are completely attuned to the shadows.


Message History

The gnoll is heavily wounded.
The gnoll completely misses you.
A gnoll comes into view. It is wielding a +0 flail.
You shoot a bolt. The bolt hits the gnoll!
You kill the gnoll!
The gnoll shaman hits you with a +0 whip!
The gnoll shaman calls upon its god to heal the gnoll.
The gnoll's wounds heal themselves!
You have reached level 6!
d - a +0 short sword (weapon)
You puncture the gnoll! You punch the gnoll.
You kill the gnoll!
The gnoll shaman hits you with a +0 whip.
You hit the gnoll shaman but do no damage.
The gnoll closely misses you. The gnoll misses you.
The gnoll shaman hits you with a +0 whip!
* * * LOW HITPOINT WARNING * * *
You feel better. The gnoll completely misses you. The gnoll closely misses you.
The gnoll shaman misses you.
You hit the gnoll shaman.
The gnoll shaman is moderately wounded.
The gnoll misses you. x2; The gnoll shaman misses you.
You puncture the gnoll shaman!
The gnoll shaman is severely wounded.
The gnoll hits you with a +0 flail!
* * * LOW HITPOINT WARNING * * *
The gnoll barely misses you.
The gnoll shaman calls upon its god to speed up the gnoll.
The gnoll seems to speed up.
You feel better. The gnoll closely misses you.
The gnoll hits you with a +0 flail!
* * * LOW HITPOINT WARNING * * *
The gnoll shaman misses you. The gnoll completely misses you.
You hit the gnoll shaman.
The gnoll shaman is almost dead.
The gnoll barely misses you. The gnoll misses you. The gnoll shaman misses you.
You completely miss the gnoll shaman.
The gnoll shaman is almost dead.
The gnoll hits you with a +0 club.
You die...

#............
#.........#..
#..ยง..<.....
[.........# ...
..).<...@)##.....
.......ggg##.##..
....#.##.........
..#...###........
..#...# ###......
#...... ....$...
####..... #....#


You could see a gnoll shaman and 2 gnolls.

Vanquished Creatures
  An iguana (D:4)
  5 gnolls (D:4)
  2 adders
  4 worms
  4 dart slugs
  6 ball pythons
  9 bats
  3 endoplasms
  6 giant cockroaches
  9 goblins
  10 hobgoblins
  5 jackals
  8 kobolds
  4 quokkas
  5 frilled lizards
  7 rats
88 creatures vanquished.

Notes
Turn   | Place    | Note
-------+----------+-------------------------------------------
     0 | D:1      | NinjaNoafa the Kobold Hunter began the quest for the Orb.
     0 | D:1      | Reached XP level 1. HP: 12/12 MP: 1/1
    57 | D:1      | Reached XP level 2. HP: 18/18 MP: 2/2
   181 | D:1      | Reached XP level 3. HP: 22/22 MP: 3/3
   321 | D:1      | Reached skill level 1 in Slings
  1059 | D:2      | Reached XP level 4. HP: 27/27 MP: 4/4
  1130 | D:2      | Found Nuliomal's General Store.
  1698 | D:2      | Reached skill level 1 in Short Blades
  1948 | D:3      | Found a bloodstained altar of Trog.
  2225 | D:3      | Identified a scroll of acquirement
  2225 | D:3      | Acquired the amulet of Hezerchi {Acrobat rPois Int+2
                  | Slay+5}
  2240 | D:3      | Found a radiant altar of Vehumet.
  2283 | D:3      | Reached XP level 5. HP: 32/32 MP: 5/5
  2370 | D:3      | Found a faded altar of an unknown god.
  3115 | D:4      | Reached skill level 6 in Crossbows
  3303 | D:4      | Reached XP level 6. HP: 18/37 MP: 6/6
  3309 | D:4      | HP: 1/37 [gnoll/+0 flail (9)]
  3311 | D:4      | Slain by a gnoll

Illustrated notes

Levels and vault maps discovered:
D:1:      lemuel_arrival_funnel, layout_rooms, minmay_tripent
D:2:      wander_river, layout_basic, serial_shops, nicolae_shop_hallway_plus,
          dreamdust_wishing_well, kennysheep_generic_room_16
D:3:      layout_basic, amcnicky_altar_gilded, vehumet_altar_wand_db,
          hellmonk_ecumenical_altar_lost_god, minmay_fractal_squares_gapless_5
D:4:      kennysheep_the_goblin_king, layout_rooms

Skill      XL: |  1  2  3  4  5 |
---------------+----------------+-----
Stealth        | 2 3 |  3.5
Slings         | 1 |  1.9
Dodging        | 3 |  3.6
Short Blades   | 1 2 |  2.1
Fighting       | 3 |  3.3
Crossbows      | 6 |  6.1

Action                   |  1- 3 |  4- 6 || total
-------------------------+-------+-------++-------
Melee: Short sword       |       |    17 ||    17
       Punch             |       |     1 ||     1
 Fire: Hand crossbow     |    28 |   103 ||   131
       Hunting sling     |    58 |       ||    58
  Use: Scroll            |       |    10 ||    10
       Potion            |       |    10 ||    10
Armor: Leather armour    |     8 |       ||     8
       Robe              |     4 |     9 ||    13
Dodge: Dodged            |    39 |    64 ||   103

Table legend: (Time is in decaauts)
 A = Elapsed time spent in this place.
 B = Non-inter-level travel time spent in this place.
 C = Inter-level travel time spent in this place.
 D = Time resting spent in this place.
 E = Time spent auto-exploring this place.
 F = Levels seen in this place.
 G = Mean time per level.
                   A        B        C        D        E       F      G
               +--------+--------+--------+--------+--------+-----+--------+
         Total |   3386 |   3268 |    118 |      0 |   2776 |   4 |  846.5 |
       Dungeon |   3386 |   3268 |    118 |      0 |   2776 |   4 |  846.5 |
               +--------+--------+--------+--------+--------+-----+--------+

Top non-repeatable levels by time:
     D:2: 1303 daAuts
     D:3: 1190 daAuts
     D:1: 669 daAuts
     D:4: 222 daAuts
